cohdb
Replays
Latest Replays
All Replays
Popular Replays
Top Player Replays
Match Explorer
How It Works
Community
CoH3 Stats
Reddit
Sign in to upload your games and track your stats! →
Sign in with Steam
Match 41567275
Unlisted
Match 41567275
Overview
Messages
Build Orders
End
Vickers Machine Gun Team
Construct Section Command Post
Selects Canadian Shock Battlegroup
Dingo Light Scout Car
Infantry Section
Construct Platoon Command Post
Infantry Section
Selects Attacking Spirit
Selects Canadian Shock Section
Selects Incendiary Munitions
Humber Armored Car
Canadian Shock Section
6-pounder Anti-tank Gun Team
Construct Company Command Post
Foot Guards Section
Foot Guards Section
Infantry Training
Foot Guards Section
Selects Pyrotechnics
Selects Churchill Crocodile Heavy Tank
Churchill Crocodile Heavy Tank
Selects Point Assault
Point Assault
Unlock Towed 17-pounder Anti-tank Guns
yapster
HIMYNAMEISHO
Squigergy
한글
Jonnies
조영
0
0
Comments
sign in to comment!
No comments posted yet!